 Dungeon Sprint DCSS version 0.29-a0-998-g1987434951 (webtiles) character file.

Game seed: 9461590088016997546

2037 tbh1313 the Severer (level 9, -5/136 HPs)
             Began as a Minotaur Berserker on Aug 5, 2022.
             Was an Elder of Trog.
             Slain by a demonic crawler (12 damage)
             ... in the Dungeon (Sprint I: "Red Sonja").
             The game lasted 00:02:33 (720 turns).

tbh1313 the Severer (Minotaur Berserker)             Turns: 720, Time: 00:02:34

Health: -5/136     AC:  4    Str: 22    XL:     9   Next: 4%
Magic:  8/8        EV: 15    Int:  8    God:    Trog [****..]
Gold:   415        SH:  0    Dex: 10    Spells: 8/8 levels left

rFire   . . .      SeeInvis .   a - +0 hand axe
rCold   . . .      Faith    .   (no shield)
rNeg    . . .      Spirit   .   j - +0 leather armour
rPois   .          Reflect  .   (helmet restricted)
rElec   .          Harm     .   (no cloak)
rCorr   .          Rampage  .   (no gloves)
Will    ++...      NoTele   +   (no boots)
Stlth   ..........              (no amulet)
HPRegen 1.32/turn               (no ring)
MPRegen 0.11/turn               (no ring)

@: berserking (expiring), strong-willed, regenerating, very quick
A: horns 2, retaliatory headbutt
a: Renounce Religion, Berserk, Trog's Hand, Brothers in Arms


You were in the Dungeon.
You worshipped Trog.
Trog was greatly pleased with you.
You visited 1 branch You collected 415 gold pieces.

Inventory:

Hand Weapons
 a - a +0 hand axe (weapon)
Armour
 j - a +0 leather armour (worn)
Wands
 i - a wand of digging (5)
Scrolls
 h - a scroll of blinking
Potions
 c - 3 potions of curing
 d - a potion of heal wounds
 e - a potion of haste
 f - 2 potions of magic
 g - a potion of berserk rage


   Skills:
 + Level 12.5 Fighting
 - Level 16.0 Axes
 - Level 10.0 Armour
 - Level 10.0 Dodging


You had 8 spell levels left.
You didn't know any spells.
Your spell library was empty.

Dungeon Overview and Level Annotations

Branches:
Dungeon (1/1)

Altars:
Cheibriados
Dithmenos
Elyvilon
Fedhas
Gozag
Hepliaklqana
Kikubaaqudgha
Makhleb
Nemelex Xobeh
Okawaru
Qazlal
Ru
Sif Muna
Trog
Uskayaw
Vehumet
Wu Jian
Xom
Yredelemnul
Zin
The Shining One
Jiyva
Lugonu

Shops:
D (


Innate Abilities, Weirdness & Mutations

You have a pair of horns on your head.
You reflexively headbutt those who attack you in melee.


Message History

The demonic crawler hits you.
* * * LOW HITPOINT WARNING * * *
You completely miss the demonic crawler.
The demonic crawler is heavily wounded.
You hit the demonic crawler. The demonic crawler barely misses you.
The demonic crawler misses you. The demonic crawler barely misses you.
You hit the demonic crawler. You headbutt the demonic crawler.
The demonic crawler is heavily wounded.
You hit the demonic crawler but do no damage.
The demonic crawler completely misses you.
The demonic crawler hits you!
* * * LOW HITPOINT WARNING * * *
The demonic crawler hits you.
* * * LOW HITPOINT WARNING * * *
You hit the demonic crawler. You headbutt the demonic crawler!!
The demonic crawler is almost dead.
You barely miss the demonic crawler. The demonic crawler misses you.
You furiously retaliate!
You headbutt the demonic crawler.
The demonic crawler hits you but does no damage. x2
You hit the demonic crawler but do no damage.
The demonic crawler is almost dead.
You slash the demonic crawler! The demonic crawler hits you.
* * * LOW HITPOINT WARNING * * *
The demonic crawler hits you but does no damage. x2
You slash the demonic crawler!
You kill the demonic crawler!
Trog accepts your kill.
You slash the demonic crawler! The demonic crawler hits you.
* * * LOW HITPOINT WARNING * * *
The demonic crawler hits you but does no damage.
The demonic crawler barely misses you.
Your Fighting skill increases to level 12!
You have reached level 9!
Your experience leads to an increase in your attributes!
Increase (S)trength, (I)ntelligence, or (D)exterity?
You feel clever. x2
You slash the demonic crawler! You headbutt the demonic crawler!!
The demonic crawler is almost dead.
The demonic crawler hits you!
You die...

##################
.#.)'..#__#..'.).#
.'..#..'..'..#).†##+#
'#####'#__####..@s9.#
.#...#.#### #####..+
##..##.# ## _##'#_.+
..'..._# _##_.#'#
_###+#.# ## ###


You could see a demonic crawler and a gargoyle.

Levels and vault maps discovered:
D:        dungeon_sprint_1 [red_sonja_temple_1, red_sonja_temple_small_1]

Notes
Turn   | Place    | Note
-------+----------+-------------------------------------------
     0 | D        | tbh1313 the Minotaur Berserker began the quest for the Orb.
     0 | D        | Reached XP level 1. HP: 19/19 MP: 0/0
     1 | D        | Noticed Ijyb
     7 | D        | Killed Ijyb
     8 | D        | Reached skill level 7 in Axes
     8 | D        | Reached XP level 2. HP: 26/26 MP: 1/1
    55 | D        | Noticed an ogre
    59 | D        | Killed an ogre
    60 | D        | Reached skill level 11 in Axes
    60 | D        | Reached XP level 3. HP: 31/31 MP: 2/2
    60 | D        | Reached XP level 4. HP: 39/39 MP: 3/3
   101 | D        | Noticed Sigmund
   115 | D        | Killed Sigmund
   115 | D        | Reached ** piety under Trog
   116 | D        | Reached skill level 14 in Axes
   116 | D        | Reached XP level 5. HP: 51/51 MP: 4/4
   116 | D        | Reached XP level 6. HP: 58/58 MP: 5/5
   173 | D        | Found an ornate altar of the Wu Jian Council.
   173 | D        | Found a shimmering blue altar of Sif Muna.
   175 | D        | Found a radiant altar of Vehumet.
   434 | D        | Found Kavyid's Weapon Emporium.
   434 | D        | Found an ancient bone altar of Kikubaaqudgha.
   434 | D        | Found a hazy altar of Hepliaklqana.
   434 | D        | Found a hide-covered altar of Uskayaw.
   434 | D        | Found a basalt altar of Yredelemnul.
   434 | D        | Found an opulent altar of Gozag.
   434 | D        | Found a snail-covered altar of Cheibriados.
   434 | D        | Found a sacrificial altar of Ru.
   434 | D        | Found a shadowy altar of Dithmenos.
   434 | D        | Noticed a yak
   439 | D        | Killed a yak
   440 | D        | Reached skill level 10 in Fighting
   440 | D        | Reached skill level 5 in Armour
   440 | D        | Found a stormy altar of Qazlal.
   440 | D        | Found a blossoming altar of Fedhas.
   440 | D        | Found a bloodstained altar of Trog.
   440 | D        | Found an iron altar of Okawaru.
   440 | D        | Found a glowing golden altar of the Shining One.
   440 | D        | Found a glowing silver altar of Zin.
   440 | D        | Found a white marble altar of Elyvilon.
   441 | D        | Found a sparkling altar of Nemelex Xobeh.
   567 | D        | Found a burning altar of Makhleb.
   567 | D        | Found a viscous altar of Jiyva.
   567 | D        | Found a shimmering altar of Xom.
   567 | D        | Found a corrupted altar of Lugonu.
   567 | D        | Noticed a slime creature
   576 | D        | Killed a slime creature
   577 | D        | Reached XP level 7. HP: 60/72 MP: 6/6
   642 | D        | Noticed a kobold demonologist
   642 | D        | Noticed a kobold demonologist
   644 | D        | Paralysed by a floating eye for 3 turns
   645 | D        | Noticed a neqoxec
   649 | D        | Reached *** piety under Trog
   650 | D        | Reached skill level 10 in Armour
   652 | D        | Killed a kobold demonologist
   657 | D        | Killed a kobold demonologist
   658 | D        | Reached skill level 10 in Dodging
   658 | D        | Reached XP level 8. HP: 79/79 MP: 7/7
   701 | D        | Noticed a demonic crawler
   701 | D        | Noticed a demonic crawler
   701 | D        | Noticed a demonic crawler
   701 | D        | Noticed a demonic crawler
   708 | D        | Killed a demonic crawler
   708 | D        | Reached **** piety under Trog
   708 | D        | Noticed a gargoyle
   709 | D        | Reached skill level 15 in Axes
   711 | D        | Killed a demonic crawler
   712 | D        | Reached skill level 16 in Axes
   716 | D        | HP: 10/123 [demonic crawler (7)]
   719 | D        | Killed a demonic crawler
   720 | D        | Reached XP level 9. HP: 6/91 MP: 8/8
   720 | D        | Slain by a demonic crawler

Table legend: (Time is in decaauts)
 A = Elapsed time spent in this place.
 B = Non-inter-level travel time spent in this place.
 C = Inter-level travel time spent in this place.
 D = Time resting spent in this place.
 E = Time spent auto-exploring this place.
 F = Levels seen in this place.
 G = Mean time per level.
                   A        B        C        D        E       F      G
               +--------+--------+--------+--------+--------+-----+--------+
         Total |    737 |    737 |      0 |    573 |      1 |   1 |  737.0 |
       Dungeon |    737 |    737 |      0 |    573 |      1 |   1 |  737.0 |
               +--------+--------+--------+--------+--------+-----+--------+

Top non-repeatable levels by time:
       D: 737 daAuts

Table legend:
 A = Kills in this place as a percentage of kills in entire the game.
 B = Kills by you in this place as a percentage of kills by you in the entire game.
 C = Kills by friends in this place as a percentage of kills by friends in the entire game.
 D = Other kills in this place as a percentage of other kills in the entire game.
 E = Experience gained in this place as a percentage of experience gained in the entire game.
 F = Experience gained in this place divided by the number of levels of this place that you have seen.
                   A       B       C       D       E      F
               +-------+-------+-------+-------+-------+----------------------
         Total | 100.0 | 100.0 |   N/A |   N/A | 100.0 | 2910.0
       Dungeon | 100.0 | 100.0 |   N/A |   N/A | 100.0 | 2910.0
               +-------+-------+-------+-------+-------+----------------------

Action                   |  1- 3 |  4- 6 |  7- 9 || total
-------------------------+-------+-------+-------++-------
Melee: Hand axe          |     8 |    32 |    27 ||    67
       Headbutt          |       |    10 |     9 ||    19
Invok: Berserk           |     2 |     1 |     2 ||     5
       Trog's Hand       |       |       |     2 ||     2
Armor: Leather armour    |       |       |     6 ||     6
Dodge: Dodged            |     3 |    11 |    20 ||    34

Vanquished Creatures
  3 demonic crawlers (D)
  2 kobold demonologists (D)
  A slime creature (D)
  Sigmund (D)
  A yak (D)
  A floating eye (D)
  An ogre (D)
  A jelly (D)
  Ijyb (D)
12 creatures vanquished.
